 Dungeon Crawl Stone Soup version 0.30-a0-178-g4db885d750 (webtiles) character file.

Game seed: 17331891642647293971

170 Aibolit the Shooter (level 5, -1/43 HPs)
             Began as a Palentonga Hunter on Oct 3, 2022.
             Was an Initiate of Gozag.
             Slain by a scorpion (4 damage)
             ... on level 3 of the Dungeon.
             The game lasted 00:05:02 (2910 turns).

Aibolit the Shooter (Palentonga Hunter)             Turns: 2910, Time: 00:05:03

Health: -1/43      AC:  4    Str: 16    XL:     5   Next: 25%
Magic:  5/5        EV: 14    Int:  9    God:    Gozag
Gold:   220        SH:  0    Dex: 16    Spells: 4/4 levels left

rFire   + . .      SeeInvis +    a - +0 shortbow
rCold   x . .      Faith    .    (shield currently unavailable)
rNeg    . . .      Spirit   .    c - +0 leather armour
rPois   .          Reflect  .    (no helmet)
rElec   .          Harm     .    (no cloak)
rCorr   .          Rampage  .    (no gloves)
Will    .....                    (no barding)
Stlth   ++........               (no amulet)
HPRegen 0.27/turn                l - ring of fire
MPRegen 0.09/turn                p - +4 ring of evasion

@: lethally poisoned (-1 -> -9), about to teleport
A: large, rugged brown scales 3, see invisible, deformed body, roll 1, armoured
tail
a: Rolling Charge, Renounce Religion, Potion Petition, Call Merchant, Bribe
Branch


You were on level 3 of the Dungeon.
You worshipped Gozag.
Gozag was aware of your devotion.
You visited 1 branch of the dungeon, and saw 4 of its levels.

You collected 234 gold pieces.
You paid 14 gold pieces to Gozag.

Inventory:

Hand Weapons
 a - a +0 shortbow (weapon)
Armour
 c - a +0 leather armour (worn)
Jewellery
 g - a ring of protection from cold
 k - a ring of positive energy
 l - a ring of fire (left hand)
 p - a +4 ring of evasion (right hand)
Scrolls
 b - a scroll of immolation
 f - 3 scrolls of teleportation
 o - 2 scrolls of noise {unknown}
 q - a scroll of summoning {unknown}
 r - 2 scrolls of magic mapping
 t - a scroll of fog {unknown}
Potions
 d - 2 potions of curing {unknown}
 e - a potion of degeneration {unknown}
 h - a potion of brilliance {unknown}
 i - a potion of flight {unknown}
 j - 2 potions of haste {unknown}
 m - a potion of attraction {unknown}
 n - a potion of heal wounds {unknown}
 s - a potion of cancellation {unknown}


   Skills:
 + Level 3.1 Fighting
 + Level 3.9 Ranged Weapons
 + Level 2.5 Dodging
 + Level 2.0 Stealth


You had 4 spell levels left.
You didn't know any spells.
Your spell library contained the following spells:

 Spells                   Type           Power      Damage    Failure   Level
 Summon Small Mammal      Summ           0%         N/A       45%         1
 Call Canine Familiar     Summ           0%         N/A       83%         3
 Gell's Gravitas          Tloc           0%         N/A       83%         3
 Lesser Beckoning         Tloc           0%         N/A       83%         3
 Summon Guardian Golem    Hex/Summ       0%         N/A       83%         3
 Teleport Other           Tloc           0%         N/A       83%         3


Dungeon Overview and Level Annotations

Branches:
Dungeon (4/15)
 Temple: D:4-7

Altars:
Gozag

Shops:
D:3 *

Annotations:
D:3 3 runed translucent doors, ICC's ghost, amateur VSCj


Innate Abilities, Weirdness & Mutations

You are completely covered in rugged brown scales. (AC +3, +7% HP)
You have supernaturally acute eyesight. (SInv)
Armour fits poorly on your strangely shaped body.
You can roll at nearby foes to attack.
You have a long armoured tail.


Message History

The arrow hits the scorpion but does no damage.
The scorpion is heavily wounded.
You feel very sick. The scorpion stings you.
An iguana comes into view.
The scorpion stings you.
You feel sick.
The goblin shoots a sling bullet.
The sling bullet closely misses you. The scorpion attacks as you move away!
The scorpion closely misses you.
You feel sick.
A quokka comes into view.
The goblin shoots a sling bullet.
The sling bullet closely misses you.
You feel sick.
The goblin shoots a sling bullet.
The sling bullet hits you but does no damage.
The scorpion closely misses you. The scorpion attacks as you move away!
The scorpion misses you.
You feel sick.
You feel sick.
There is a stone staircase leading up here.
You feel sick.
The goblin shoots a sling bullet.
The sling bullet hits you. The scorpion stings you.
You are more poisoned.
The scorpion poisons you!
The iguana hisses menacingly.
You climb upwards.
Level annotation: 3 runed translucent doors, ICC's ghost, amateur VSCj You feel very sick.
There is a stone staircase leading down here.
As you read the scroll of teleportation, it crumbles to dust.
You feel strangely unstable.
You feel sick. The scorpion stings you.
* * * LOW HITPOINT WARNING * * *
You are lethally poisoned!
The scorpion poisons you!
* * * LOW HITPOINT WARNING * * *
You feel very sick. The scorpion closely misses you.
* * * LOW HITPOINT WARNING * * *
You feel very sick. The scorpion attacks as you move away!
The scorpion stings you.
You die...
Your body crumbles into a pile of gold.

##########
####........#######
#......)..........######
..>..........#..@......#
..#.#######..#(##s####.#
..#.# #..#.##># #.# ....#
#..#.##.# #.# ..#.#
#####..#.##.# #.#
..#.###.........#.####.#
..#.#..................#
..#.#.....#..#..#(###..#
..#......<...#.........#####


You could see a scorpion.

Vanquished Creatures
  2 orc wizards (D:2)
  4 adders
  2 worms
  6 orcs
  9 ball pythons
  3 bats (D:1)
  9 endoplasms
  3 giant cockroaches
  A goblin (D:1)
  6 hobgoblins
  3 jackals (D:2)
  3 quokkas
  9 frilled lizards
  4 kobolds
  7 rats
71 creatures vanquished.

Notes
Turn   | Place    | Note
-------+----------+-------------------------------------------
     0 | D:1      | Aibolit the Palentonga Hunter began the quest for the Orb.
     0 | D:1      | Reached XP level 1. HP: 17/17 MP: 1/1
    89 | D:1      | Reached XP level 2. HP: 20/23 MP: 2/2
   186 | D:1      | Reached skill level 1 in Stealth
   411 | D:1      | Found a faded altar of an unknown god.
   633 | D:1      | Reached XP level 3. HP: 28/29 MP: 3/3
  1096 | D:2      | Found an opulent altar of Gozag.
  1110 | D:2      | Reached XP level 4. HP: 18/36 MP: 4/4
  1278 | D:2      | Became a worshipper of Gozag Ym Sagoz the Greedy
  2157 | D:3      | Reached XP level 5. HP: 43/43 MP: 5/5
  2159 | D:3      | Found a runed translucent gate.
  2171 | D:3      | Found a runed translucent gate.
  2172 | D:3      | Found a runed translucent gate.
  2173 | D:3      | Noticed ICC's ghost (amateur VSCj)
  2289 | D:3      | Found Aseshrome's General Store.
  2910 | D:3      | Slain by a scorpion

Illustrated notes

Levels and vault maps discovered:
D:1:      dpeg_arrival_pits, layout_basic,
          shapermc_ecumenical_altar_mp_vishouse, minmay_lizard_pond
D:2:      minmay_chambers_of_ones, layout_basic, basic_altar
D:3:      layout_loops_ring, gammafunk_ghost_split, serial_shops, shop_statue,
          nicolae_underground_beach
D:4:      layout_cave_pools, nicolae_overflow_hidden_temple,
          nicolae_elyvilon_temple_path, zin_purify, kennysheep_slug_shrine

Skill      XL: |  1  2  3  4  5 |
---------------+----------------+-----
Stealth        | 1 2 |  2.0
Dodging        | 2 |  2.5
Fighting       | 3 |  3.1
Ranged Weapons | |  3.9

Action                   |  1- 3 |  4- 6 || total
-------------------------+-------+-------++-------
 Fire: Shortbow          |   121 |   122 ||   243
  Use: Scroll            |     4 |     2 ||     6
Armor: Leather armour    |    17 |    13 ||    30
Dodge: Dodged            |    44 |    54 ||    98

Table legend: (Time is in decaauts)
 A = Elapsed time spent in this place.
 B = Non-inter-level travel time spent in this place.
 C = Inter-level travel time spent in this place.
 D = Time resting spent in this place.
 E = Time spent auto-exploring this place.
 F = Levels seen in this place.
 G = Mean time per level.
                   A        B        C        D        E       F      G
               +--------+--------+--------+--------+--------+-----+--------+
         Total |   2993 |   2694 |    299 |    248 |   1931 |   4 |  748.2 |
       Dungeon |   2993 |   2694 |    299 |    248 |   1931 |   4 |  748.2 |
               +--------+--------+--------+--------+--------+-----+--------+

Top non-repeatable levels by time:
     D:2: 1178 daAuts
     D:1: 963 daAuts
     D:3: 827 daAuts
     D:4: 24 daAuts
